AoeStats
← KaLong

MegaRandom

508360540Analyzed
4v4 RM · 11d ago on Sep 22, 2026· 39m 25s· 8 players
Game mode
Random Map
Map size
Large (8 player)
Population
200
Speed
Normal
Resources
Standard
Victory
Conquest
Starting age
Dark Age
Ending age
Imperial Age
RankedLock teamsTeams togetherTeam positionsShared explorationLock speedFull tech treeHidden civsTurbo modeCheats
Victory
Defeat
🇺🇸 Aztecs · United States
1629
+16
🇺🇸 Bulgarians · United States
1583
+18
🇨🇦 Italians · Canada
1538
+20
🇺🇸 Romans · United States
1470
+22
🇺🇸 Spanish · United States
1732
-23
🇨🇳 Malians · China
1657
-20
🇨🇳 Bohemians · China
1626
-19
🇺🇸 Ethiopians · United States
1503
-14
嗚
9:50 Feudal Age
11:34 Loom
14:16 Castle Age
13:19 Double-Bit Axe
15:15 Bow Saw
21:29 Padded Archer Armor
24:04 Wheelbarrow
25:12 Leather Archer Armor
Marlin
5:27 Loom
8:42 Feudal Age
18:57 Forging
19:02 Double-Bit Axe
24:02 Castle Age
23:11 Scale Barding Armor
23:18 Bloodlines
22:55 Horse Collar
小白
7:14 Loom
10:00 Feudal Age
10:42 Double-Bit Axe
15:40 Wheelbarrow
15:29 Fletching
16:52 Horse Collar
17:50 Padded Archer Armor
23:21 Castle Age
23:25 Crossbowman
24:01 Bodkin Arrow
25:42 Ballistics
26:47 Chemistry
26:52 Leather Archer Armor
29:44 Fervor
30:23 Heavy Plow
30:35 Bow Saw
KaLong
0:26 Loom
10:45 Feudal Age
11:28 Double-Bit Axe
15:39 Fletching
20:04 Padded Archer Armor
25:35 Wheelbarrow
29:26 Castle Age
Kyrisser
6:19 Loom
8:57 Feudal Age
9:49 Double-Bit Axe
12:05 Scale Barding Armor
12:38 Forging
14:12 Horse Collar
17:31 Town Watch
19:38 Wheelbarrow
20:26 Bloodlines
24:09 Castle Age
24:14 Light Cavalry
24:54 Husbandry
25:16 Chain Barding Armor
26:18 Iron Casting
26:25 Hand Cart
35:17 Coinage
RyskiNinja
7:32 Loom
10:15 Feudal Age
13:36 Fletching
19:20 Castle Age
18:11 Padded Archer Armor
18:03 Double-Bit Axe
18:31 Horse Collar
20:04 Bodkin Arrow
19:30 Crossbowman
22:23 Leather Archer Armor
22:28 Bow Saw
22:25 Gold Mining
24:08 Heavy Plow
26:48 Fervor
27:48 Sanctity
28:11 Town Watch
29:17 Ballistics
32:37 Stone Mining
33:28 Treadmill Crane
34:39 Wheelbarrow
35:47 Scale Mail Armor
35:57 Forging
35:49 Squires
35:34 Arson
38:54 Imperial Age
36:39 Hand Cart
36:26 Town Patrol
37:04 Chain Mail Armor
37:25 Iron Casting
38:27 Redemption
38:38 Heresy
38:19 Devotion
38:20 Atonement
38:17 Herbal Medicine
38:13 Elite Skirmisher
39:40 Gold Shaft Mining
40:17 Illumination
40:28 Theocracy
40:08 Block Printing
knightforchrist_11
6:21 Loom
9:01 Feudal Age
10:52 Double-Bit Axe
16:56 Scale Barding Armor
18:06 Forging
18:37 Horse Collar
19:14 Bloodlines
27:34 Castle Age
34:56 Husbandry
37:21 Wheelbarrow
37:29 Bow Saw
39:49 Heavy Plow
benji
5:34 Loom
9:26 Feudal Age
10:44 Double-Bit Axe
12:11 Horse Collar
14:39 Fletching
17:35 Wheelbarrow
23:44 Castle Age
23:47 Crossbowman
24:25 Bodkin Arrow
24:54 Padded Archer Armor
25:29 Bow Saw
28:30 Leather Archer Armor
29:12 Ballistics
31:12 Town Watch
36:40 Imperial Age
34:37 Town Watch
36:12 Masonry
36:55 Fervor
37:47 Hand Cart
Connection lost

Rejoining the realm…

Still unreachable

The connection could not be restored.

Session expired

The server has moved on; the page needs a fresh start.